 Dungeon Crawl Stone Soup version 0.29.1-4-g47bece8355 (webtiles) character file.

Game seed: 9799898284695371623

187 warriortoast the Shooter (level 5, -1/27 HPs)
             Began as a Spriggan Hunter on Dec 9, 2022.
             Killed from afar by an orc wizard (12 damage)
             ... with a puff of flame
             ... on level 3 of the Dungeon.
             The game lasted 00:06:42 (2927 turns).

warriortoast the Shooter (Spriggan Hunter)          Turns: 2927, Time: 00:06:42

Health: -1/27      AC:  2    Str:  7    XL:     5   Next: 39%
Magic:  6/6        EV: 19    Int: 11    God:
Gold:   176        SH:  0    Dex: 20    Spells: 4/4 levels left

rFire   . . .      SeeInvis +   a - +0 shortbow
rCold   . . .      Faith    .   (shield currently unavailable)
rNeg    . . .      Spirit   .   c - +0 robe
rPois   .          Reflect  .   (helmet restricted)
rElec   .          Harm     .   (no cloak)
rCorr   .          Rampage  .   (gloves unavailable)
Will    .....                   (boots unavailable)
Stlth   +++.......              (no amulet)
HPRegen 0.09/turn               (no ring)
MPRegen 0.10/turn               (no ring)

@: very quick
A: very small, no large weapons, unfitting armour, see invisible, speed 3
a: no special abilities


You were on level 3 of the Dungeon.
You visited 1 branch of the dungeon, and saw 4 of its levels.

You collected 176 gold pieces.

Inventory:

Hand Weapons
 a - a +0 shortbow (weapon)
Armour
 c - a +0 robe (worn)
Scrolls
 b - a scroll of immolation
 d - 2 scrolls of teleportation {unknown}
 f - a scroll of summoning {unknown}
 g - 3 scrolls of identify {unknown}
 h - a scroll of magic mapping {unknown}
 l - a scroll of poison {unknown}
Potions
 e - a potion of berserk rage {unknown}
 i - 2 potions of curing {unknown}
 j - a potion of brilliance {unknown}
 k - a potion of invisibility {unknown}
 m - a potion of lignification {unknown}


   Skills:
 + Level 2.6 Fighting
 + Level 4.7 Ranged Weapons
 + Level 4.4 Dodging
 + Level 4.4 Stealth


You had 4 spell levels left.
You didn't know any spells.
Your spell library contained the following spells:

 Spells                   Type           Power      Damage    Failure   Level
 Passage of Golubria      Tloc           0%         N/A       98%         4
 Silence                  Hex/Air        0%         N/A       100%        5
 Lehudib's Crystal Spear  Conj/Erth      0%         10d2      100%        8


Dungeon Overview and Level Annotations

Branches:
Dungeon (4/15)
 Temple: D:4-7

Altars:
Okawaru

Shops:
D:1 :

Annotations:
D:4 Ijyb


Innate Abilities, Weirdness & Mutations

You are very small and have problems with some larger weapons.
You are too small for most types of armour.
You have supernaturally acute eyesight. (SInv)
You cover ground extremely quickly. (Speed+++)


Message History

An orc wizard comes into view. It is wielding a +0 dagger.
You shoot an arrow. The orc wizard shouts!
The arrow hits the orc priest!
You kill the orc priest!
The orc wizard gestures wildly while chanting.
The orc wizard flickers and vanishes for a moment.
You shoot an arrow. The arrow hits the ball python!
You kill the ball python!
The orc wizard points at you and mumbles some strange words.
You easily resist.
You shoot an arrow. The arrow barely misses the orc wizard.
A kobold comes into view. It is wielding a +0 short sword.
You shoot an arrow. The arrow hits the orc wizard!
The orc wizard is heavily wounded.
You shoot an arrow.
The arrow closely misses the orc wizard.
The orc wizard points at you and mumbles some strange words.
You are confused.
You shoot an arrow. You shoot an arrow. You shoot an arrow.
The orc wizard barely misses you.
You shoot an arrow. The orc wizard misses you.
The orc wizard completely misses you.
You shoot an arrow. The orc wizard casts a spell at you.
You are more confused.
You shoot an arrow. The orc wizard closely misses you.
You shoot an arrow. The orc wizard barely misses you.
The orc wizard completely misses you.
You shoot an arrow.
The orc wizard gestures at you while chanting.
The puff of flame hits you.
You shoot an arrow.
The orc wizard hits you with a +0 dagger.
You shoot an arrow. The orc wizard barely misses you.
You feel less confused.
The orc wizard points at you and mumbles some strange words.
The puff of flame hits you!
You die...

#.# #o# #K# #o# #.#
#.# #.# #.# #@# #.#
#.# #.# #.# #. #.# #.
#.# #.####### #.#
........########.####


You could see an orc wizard (invisible), an orc and a kobold.

Vanquished Creatures
  An orc priest (D:3)
  A jelly (D:4)
  Robin (D:2)
  4 adders
  3 dart slugs
  An orc (D:3)
  5 ball pythons
  5 bats
  9 endoplasms
  3 giant cockroaches
  11 goblins
  5 hobgoblins
  5 jackals (D:1)
  3 quokkas
  4 frilled lizards
  2 kobolds
  7 rats
  A spectral goblin (D:2)
71 creatures vanquished.

Vanquished Creatures (others)
  9 toadstools (D:3)
9 creatures vanquished.

Grand Total: 80 creatures vanquished

Notes
Turn   | Place    | Note
-------+----------+-------------------------------------------
     0 | D:1      | warriortoast the Spriggan Hunter began the quest for the
                  | Orb.
     0 | D:1      | Reached XP level 1. HP: 10/10 MP: 2/2
   103 | D:1      | Reached XP level 2. HP: 15/15 MP: 3/3
   632 | D:1      | Reached XP level 3. HP: 14/18 MP: 4/4
   701 | D:1      | Found Poorori's Book Shop.
  1133 | D:2      | Noticed Robin
  1221 | D:2      | Killed Robin
  1222 | D:2      | Reached XP level 4. HP: 14/23 MP: 5/5
  1383 | D:2      | You fall into a shaft and drop 2 floors!
  1512 | D:4      | Noticed Ijyb
  1514 | D:4      | Paralysed by Ijyb for 4 turns
  2293 | D:3      | Found an iron altar of Okawaru.
  2524 | D:2      | Reached XP level 5. HP: 27/27 MP: 6/6
  2648 | D:2      | Found a faded altar of an unknown god.
  2927 | D:3      | Killed from afar by an orc wizard

Illustrated notes

Levels and vault maps discovered:
D:1:      minmay_arrival_five_plusses, layout_loops_cross, serial_shops,
          shop_fountains
D:2:      layout_loops_ring, dreamdust_ecumenical_altar_drowned_temple,
          minmay_pentomino_z2, uniq_robin
D:3:      cheibrodos_fertilizer, layout_basic, okawaru_trees_2,
          grunt_ministairs_10
D:4:      layout_loops_ring, grunt_dithmenos_smoke, uniq_ijyb

Skill      XL: |  1  2  3  4 |
---------------+-------------+-----
Stealth        | 2 3 4 |  4.4
Dodging        | 3 4 |  4.4
Fighting       | 2 |  2.6
Ranged Weapons | |  4.7

Action                   |  1- 3 |  4- 6 || total
-------------------------+-------+-------++-------
 Fire: Shortbow          |   100 |    90 ||   190
Armor: Robe              |     6 |     2 ||     8
Dodge: Dodged            |    32 |    34 ||    66
